 Dungeon Crawl Stone Soup version 0.18.1-8-gdd0e5ea (webtiles) character file.

124 DevlanMud the Insei (level 4, 0/35 HPs)
             Began as a Demonspawn Monk on June 3, 2016.
             Slain by a gnoll
             ... wielding a +0 spear
              (8 damage)
             ... on level 3 of the Dungeon.
             The game lasted 00:05:03 (2604 turns).

DevlanMud the Insei (Demonspawn Monk)               Turns: 2604, Time: 00:05:04

Health: 0/35       AC:  8    Str: 11    XL:     4   Next: 81%
Magic:  4/4        EV: 11    Int: 13    God:
Gold:   125        SH:  2    Dex: 15    Spells: 0 memorised, 3 levels left

rFire  + . .     SeeInvis .       - Unarmed
rCold  . . .     Gourm    .     e - +0 ring mail
rNeg   . . .     Faith    .     (no shield)
rPois  .         Spirit   .     d - +0 helmet
rElec  .         Dismiss  .     (no cloak)
rCorr  .         Reflect  .     (no gloves)
SustAt .         Harm     .     (no boots)
MR     .....                    i - amulet of inaccuracy (curse)
Stlth  +.........               (no ring)
                                (no ring)

@: not resistant to hostile enchantments, very unstealthy
A: large bone plates 1, fire resistance 1
a: no special abilities


You were on level 3 of the Dungeon.
You were not hungry.

You visited 1 branch of the dungeon, and saw 3 of its levels.

You collected 125 gold pieces.

Inventory:

Armour
 d - a +0 helmet (worn)
 e - a +0 ring mail (worn)
Jewellery
 i - a cursed amulet of inaccuracy (around neck)
Scrolls
 h - 2 scrolls of recharging
 p - 2 scrolls of fear
Potions
 a - a potion of agility {unknown}
 f - a potion of flight
 g - a potion of cancellation {unknown}
 k - a potion of lignification
 m - a potion of might {unknown}
 n - a potion of degeneration {unknown}
Comestibles
 b - 2 bread rations
 c - 2 fruits
 l - 2 slices of pizza
 o - 2 chunks of flesh


   Skills:
 + Level 3.5 Fighting
 + Level 1.2 Armour
 + Level 3.1 Dodging
 + Level 1.8 Stealth
 * Level 4.8 Unarmed Combat


You had 3 spell levels left.
You didn't know any spells.

Dungeon Overview and Level Annotations

Branches:
Dungeon (3/15)

Altars:


Innate Abilities, Weirdness & Mutations

You are partially covered in large bone plates (AC +2, SH +2).
Your flesh is heat resistant.


Message History

You hit the gnoll.
The gnoll is moderately wounded.
The gnoll barely misses you. x2
You hit the gnoll.
The gnoll is heavily wounded.
The gnoll hits you with a halberd.
* * * LOW HITPOINT WARNING * * *
You punch the gnoll!
You kill the gnoll!
The gnoll barely misses you. The gnoll barely misses you.
Found a stone staircase leading down.
A gnoll comes into view. It is wielding a spear.
Things that are here:
a halberd; a gnoll corpse The gnoll shouts!
You hit the gnoll.
The gnoll is lightly wounded.
The gnoll hits you with a spear!
You die...

#.........# #.
#########.# .. #.# #.
#.# #. #.# #. #.# #. #.#
#.###############.#
#g@))...........).#
.....g.#################
.####.. ...> .#### #


You could see 2 gnolls.

Vanquished Creatures
  2 gnolls (D:3)
  4 adders (D:2)
  An ooze (D:1)
  3 dart slugs
  3 giant geckos (D:2)
  An orc (D:3)
  4 giant cockroaches
  7 goblins
  8 hobgoblins
  10 kobolds
  2 bats (D:1)
  2 giant newts
  8 rats
55 creatures vanquished.

Notes
Turn   | Place    | Note
--------------------------------------------------------------
     0 | D:1      | DevlanMud the Demonspawn Monk began the quest for the Orb.
     0 | D:1      | Reached XP level 1. HP: 18/18 MP: 1/1
   123 | D:1      | Gained mutation: You are partially covered in large bone plates (AC +2, SH +2). [demonic ancestry]
   123 | D:1      | Reached XP level 2. HP: 23/24 MP: 2/2
   129 | D:1      | Reached skill level 4 in Unarmed Combat
   605 | D:1      | Reached XP level 3. HP: 29/29 MP: 3/3
  1326 | D:2      | Found a faded altar to an unknown god.
  1342 | D:2      | Gained mutation: Your flesh is heat resistant. [demonic ancestry]
  1342 | D:2      | Reached XP level 4. HP: 24/35 MP: 4/4
  2310 | D:2      | Reached skill level 1 in Armour
  2604 | D:3      | Slain by a gnoll

Skill      XL: |  1  2  3  4 |
---------------+-------------+-----
Unarmed Combat | 4 |  4.8
Dodging        | 3 |  3.1
Armour         | 1 |  1.2
Fighting       | |  3.5
Stealth        | |  1.8

Action                   |  1- 3 |  4- 6 || total
-------------------------+-------+-------++-------
Melee: Unarmed           |   167 |    97 ||   264
       Punch             |     2 |     2 ||     4
  Use: Scroll            |     4 |     1 ||     5
       Potion            |     1 |     2 ||     3
 Stab: Sleeping          |     1 |       ||     1
  Eat: Chunk             |     2 |     4 ||     6
Armor: Robe              |     3 |       ||     3
       Ring mail         |    54 |    27 ||    81
Dodge: Dodged            |    87 |    41 ||   128
Block: Other             |     6 |    12 ||    18
